 Dungeon Crawl Stone Soup version 0.24.0-29-g8ce449bc06 (webtiles) character file.

Game seed: 5881627960235512139, levelgen mode: deterministic

371 night the Magician (level 6, -16/36 HPs)
             Began as a Deep Elf Fire Elementalist on Nov 13, 2019.
             Demolished by a two-headed ogre
             ... wielding a +0 dire flail
              (27 damage)
             ... on level 4 of the Dungeon.
             The game lasted 00:08:05 (4407 turns).

night the Magician (Deep Elf Fire Elementalist)     Turns: 4407, Time: 00:08:07

Health: -16/36     AC:  4    Str:  5    XL:     6   Next: 42%
Magic:  4/15       EV: 13    Int: 22    God:
Gold:   198        SH:  0    Dex: 15    Spells: 5/15 levels left

rFire    . . .     SeeInvis .   (no weapon)
rCold    . . .     Gourm    +   (no shield)
rNeg     . . .     Faith    .   a - +0 robe
rPois    .         Spirit   .   (no helmet)
rElec    .         Reflect  .   f - +0 cloak
rCorr    .         Harm     .   r - +0 pair of gloves
MR       .....                  (no boots)
Stlth    ++........             m - amulet of the gourmand
HPRegen  0.12/turn              (no ring)
MPRegen  0.14/turn              (no ring)

@: no status effects
A: no striking features
a: no special abilities


You were on level 4 of the Dungeon.
You were completely stuffed.

You visited 1 branch of the dungeon, and saw 5 of its levels.

You collected 198 gold pieces.

Inventory:

Hand Weapons
 u - a +0 hunting sling
Missiles
 i - 18 poisoned darts (quivered)
 k - 45 sling bullets
 l - 159 stones
Armour
 a - a +0 robe (worn)
 f - a +0 cloak (worn)
 r - a +0 pair of gloves (worn)
 y - a +0 shield
Jewellery
 m - an amulet of the gourmand (around neck)
Scrolls
 d - 2 scrolls of identify {unknown}
 e - 3 scrolls of fog
 g - 2 scrolls of remove curse {unknown}
 o - a scroll of enchant armour {unknown}
 q - a scroll of enchant weapon {unknown}
 w - a scroll of teleportation {unknown}
Potions
 b - a potion of magic {unknown}
 h - a potion of haste {unknown}
 j - a potion of degeneration {unknown}
 n - a potion of curing {unknown}
 p - a potion of lignification {unknown}
 s - a potion of heal wounds {unknown}
 t - a potion of berserk rage {unknown}
 x - a potion of ambrosia {unknown}
Comestibles
 c - 10 rations
 v - a chunk of flesh


   Skills:
 + Level 2.4 Fighting
 - Level 2.4 Dodging
 - Level 2.4 Stealth
 + Level 5.1 Spellcasting
 + Level 3.6 Conjurations
 + Level 4.9 Fire Magic


You had 5 spell levels left.
You knew the following spells:

 Your Spells              Type           Power        Failure   Level  Hunger
a - Flame Tongue          Conj/Fire      ###..        1%          1    None
b - Throw Flame           Conj/Fire      ###...       2%          2    None
c - Conjure Flame         Conj/Fire      ###.....     4%          3    ##.....
d - Sticky Flame          Conj/Fire      ###.....     17%         4    ####...

Your spell library contained the following spells:

 Spells                   Type           Power        Failure   Level  Hunger
 Inner Flame              Hex/Fire       ###.....     11%         3    ##.....
 Fireball                 Conj/Fire      ###.......   43%         5    #####..


Dungeon Overview and Level Annotations

Branches:
Dungeon (5/15)
 Temple: D:4-7

Altars:
Trog


Message History

The two-headed ogre is lightly wounded.
Casting: Throw Flame (safe; 2% risk of failure)
Confirm with . or Enter, or press ? or * to list all spells.
Aiming: Throw Flame (safe; 2% risk of failure)
Press: ? - help, Shift-Dir - straight line, f/p - two-headed ogre
Aim: a two-headed ogre, wielding a +0 dire flail and a +0 giant club (lightly wounded)
The puff of flame hits the two-headed ogre.
The two-headed ogre is moderately wounded.
Casting: Throw Flame (safe; 2% risk of failure)
Confirm with . or Enter, or press ? or * to list all spells.
Aiming: Flame Tongue (safe; 1% risk of failure)
Press: ? - help, Shift-Dir - straight line, f/p - two-headed ogre
Aim: a two-headed ogre, wielding a +0 dire flail and a +0 giant club (moderately wounded)
The flame tongue hits the two-headed ogre.
The two-headed ogre is moderately wounded.
The two-headed ogre hits you with a +0 dire flail!!
Ouch! That really hurt!
The two-headed ogre hits you with a +0 giant club!!
Ouch! That really hurt!
You die...

#.........#####....
#................#.
#.........####.....
########.........####.###.
#..(..................# #.
#.####.#.........###.## ##
#.# #........#### #.# ##
#.####....O...######.####F
#.##.....@...........>.<§O
#.##.#........####...#####
#.##.#.######## #.#...###
#.##.#.# #.###..##
#..#.#.# ##.# ##..#
##.#.#.#### ####..# ##..
#........# #....## ##.
#........# #...##### ##
##.......# #.......# ##


You could see a two-headed ogre.

Vanquished Creatures
  A centaur (D:3)
  2 orc priests
  An orc wizard (D:3)
  3 worker ants
  6 adders
  A shadow imp (D:2)
  An ooze (D:2)
  2 worms (D:2)
  3 dart slugs
  6 leopard geckos
  3 orcs (D:3)
  4 bats
  A giant cockroach (D:1)
  5 goblins
  3 hobgoblins
  3 kobolds
  A quokka (D:3)
  A frilled lizard (D:2)
  A leopard gecko skeleton (D:4)
  10 rats
58 creatures vanquished.

Notes
Turn   | Place    | Note
-------+----------+-------------------------------------------
     0 | D:1      | night the Deep Elf Fire Elementalist began the quest for
                  | the Orb.
     0 | D:1      | Reached XP level 1. HP: 10/10 MP: 6/6
   276 | D:1      | Reached XP level 2. HP: 16/16 MP: 5/8
   522 | D:1      | Learned a level 2 spell: Throw Flame
  1130 | D:2      | Reached XP level 3. HP: 20/20 MP: 6/10
  1272 | D:2      | Reached skill level 1 in Fighting
  1566 | D:2      | Learned a level 3 spell: Conjure Flame
  1781 | D:2      | Reached XP level 4. HP: 25/25 MP: 8/11
  2057 | D:2      | Reached skill level 4 in Spellcasting
  2939 | D:3      | Found a bloodstained altar of Trog.
  3027 | D:3      | Reached XP level 5. HP: 22/30 MP: 2/13
  3433 | D:3      | Noticed a centaur
  3440 | D:3      | Learned a level 4 spell: Sticky Flame
  3449 | D:3      | Killed a centaur
  3654 | D:4      | You fall into a shaft and drop 1 floor!
  3654 | D:5      | Entered Level 5 of the Dungeon
  3736 | D:5      | Reached XP level 6. HP: 25/35 MP: 2/15
  3751 | D:4      | Reached skill level 5 in Spellcasting
  4086 | D:4      | Noticed a two-headed ogre
  4407 | D:4      | Demolished by a two-headed ogre

Levels and vault maps discovered:
D:1:      psy_arrival_terrarium, layout_loops_corners
D:2:      layout_loops_corners, chequers_serial_rivers_micro_d
D:3:      minmay_evil_eye, layout_basic, lightli_temple_of_fire, first_ration
D:4:      cheibrodos_barr_body, layout_rooms
D:5:      layout_loops_cross, serial_shops, nicolae_shop_waterfront,
          cheibrodos_gnoll_hut, uniq_prince_ribbit1

Skill      XL: |  1  2  3  4  5  6 |
---------------+-------------------+-----
Fighting       | 1 2 |  2.4
Conjurations   | 2 3 |  3.6
Fire Magic     | 4 |  4.9
Spellcasting   | 4 5 |  5.1
Dodging        | |  2.4
Stealth        | |  2.4

Action                   |  1- 3 |  4- 6 || total
-------------------------+-------+-------++-------
 Fire: Hunting sling     |       |    18 ||    18
 Cast: Flame Tongue      |    42 |    46 ||    88
       Throw Flame       |    15 |    28 ||    43
       Conjure Flame     |       |     3 ||     3
       Sticky Flame      |       |     2 ||     2
  Use: Scroll            |       |     1 ||     1
  Eat: Chunk             |     9 |    15 ||    24
Armor: Robe              |     2 |     2 ||     4
Dodge: Dodged            |     4 |    18 ||    22
